Blue Jackets vs Avalanche
Created - 6 octobre 2014 at 19:03
Goals
|
Blue Jackets |
1 |
2 |
0 |
3 |
Avalanche |
3 |
0 |
2 |
5 |
|
Shots
|
Blue Jackets |
7 |
8 |
18 |
33 |
Avalanche |
8 |
4 |
16 |
28 |
|
1st period
1. Avalanche , Jason Pominville 1 (Bryan Little, Brian Campbell) at 1:43 (PP)
2. Avalanche , Michael Rupp 1 (Bryan Little, Brian Campbell) at 1:59
3. Blue Jackets , Blake Wheeler 2 (Jan Bulis, Mike Commodore) at 4:58
4. Avalanche , Mike Comrie 3 (Dave Tanabe, Marc Staal) at 18:42
Penalties :
Blake Wheeler (Clb) for Roughing (Minor) at 0:50, Mike Comrie (Col) for Hooking (Minor) at 10:18, Brad Stuart (Clb) for Tripping (Minor) at 15:45, Marc Savard (Clb) for Interference (Minor) at 19:31
2nd period
5. Blue Jackets , David Booth 5 (Mike Commodore) at 14:45
6. Blue Jackets , François Beauchemin 1 (Marc Savard) at 18:28 (PP)
Penalties :
Jason Pominville (Col) for High sticking (Double Minor) at 4:38, Marc Savard (Clb) for Roughing (Minor) at 10:04, Marc Staal (Col) for Slashing (Double Minor) at 16:46
3rd period
7. Avalanche , Corey Perry 4 (Drew Doughty, Jason Allison) at 3:11 (PP)
8. Avalanche , Jason Allison 3 (Corey Perry, Ryan Smyth) at 14:15 (PP)
Penalties :
Marcus Nilson (Clb) for Interference (Minor) at 3:03, Chris Kelly (Clb) for High sticking (Minor) at 12:46
Goalie Stats
Rick DiPietro (Clb), 23 saves from 28 shots - (0,821), L, 3-4-0, 60:00 minutes
Jimmy Howard (Col), 30 saves from 33 shots - (0,909), W, 3-1-0, 60:00 minutes
Players Stats for Blue Jackets
Player Name G A P +/- PIM S H SB GA TA FO MP PP MP PK MP
------------------------------------------------------------------------------------
A.J Thelen 0 0 0 0 0 3 0 0 0 0 0/0 11:30 0:12 0:56
Adam Deadmarsh 0 0 0 0 0 2 0 0 0 0 1/1 9:48 0:15 0:00
Blake Wheeler 1 0 1 1 2 3 1 1 1 0 0/0 18:02 3:59 1:44
Brad Stuart 0 0 0 1 2 2 2 1 0 1 0/0 20:11 4:58 2:48
Branislav Mezei 0 0 0 -1 0 2 3 5 1 0 0/0 28:21 4:29 4:43
Chris Kelly 0 0 0 0 2 4 1 0 0 0 7/8 11:47 0:22 1:42
Dave Steckel 0 0 0 -1 0 1 1 0 1 0 2/2 6:34 0:00 0:04
David Booth 1 0 1 0 0 2 1 1 1 0 1/4 24:04 5:18 5:11
François Beauchemin 1 0 1 1 0 2 1 2 0 1 0/0 21:42 4:58 3:44
Jan Bulis 0 1 1 1 0 2 1 1 1 1 5/11 16:16 3:59 0:00
Jason Ward 0 0 0 -1 0 0 0 0 0 0 0/1 6:12 0:00 0:00
Jeff Taffe 0 0 0 -1 0 1 0 1 0 0 2/3 9:11 0:00 2:51
Marc Savard 0 1 1 0 4 3 6 1 0 0 19/36 21:35 5:18 2:38
Marcus Nilson 0 0 0 0 2 2 2 0 2 0 0/1 10:53 0:29 0:38
Mike Commodore 0 2 2 0 0 0 0 0 0 1 0/0 9:57 0:12 0:00
Pavel Bure 0 0 0 0 0 1 4 1 1 1 2/3 20:47 5:18 2:06
Ramzi Abid 0 0 0 1 0 2 0 0 1 1 0/0 16:16 3:59 0:00
Wade Redden 0 0 0 -1 0 1 1 1 0 1 0/0 28:21 4:29 4:43
Players Stats for Avalanche
Player Name G A P +/- PIM S H SB GA TA FO MP PP MP PK MP
------------------------------------------------------------------------------------
Andrew Ladd 0 0 0 -1 0 1 1 0 0 0 1/2 11:06 0:03 1:59
Brian Campbell 0 2 2 -1 0 1 0 0 1 0 0/0 15:51 3:24 0:00
Bryan Little 0 2 2 0 0 1 2 0 0 0 3/9 11:58 3:26 0:34
Chuck Kobasew 0 0 0 0 0 0 2 0 0 0 0/0 11:12 0:03 2:45
Corey Perry 1 1 2 0 0 3 1 1 2 0 0/1 17:10 4:58 0:00
Dave Tanabe 0 1 1 1 0 1 1 2 1 0 0/0 23:36 5:03 3:19
Drew Doughty 0 1 1 0 0 5 0 0 2 0 0/0 20:17 5:03 1:10
Dustin Byfuglien 0 0 0 -1 0 0 1 1 0 0 1/2 11:13 0:03 2:45
Jack Johnson 0 0 0 0 0 1 0 1 0 1 0/0 23:29 3:24 6:20
Jason Allison 1 1 2 0 0 2 1 0 0 0 10/20 17:57 4:58 0:47
Jason Pominville 1 0 1 1 4 4 3 0 1 0 0/0 16:44 3:26 0:00
Marc Staal 0 1 1 1 4 0 0 0 0 2 0/0 17:20 0:00 2:57
Maxim Talbot 0 0 0 -1 0 0 1 0 0 0 0/4 7:58 0:00 0:00
Michael Rupp 1 0 1 0 0 3 1 1 0 2 0/0 13:16 0:00 5:19
Mike Comrie 1 0 1 1 2 3 2 0 0 3 14/27 17:09 0:00 4:29
Rostislav Olesz 0 0 0 0 0 2 1 2 0 0 1/2 16:57 3:26 0:40
Ryan Smyth 0 1 1 1 0 1 1 1 0 0 1/3 17:38 4:58 0:00
Shane O'Brien 0 0 0 -1 0 0 1 2 0 1 0/0 19:27 0:00 5:32
3 Stars
1 - Corey Perry (Col)
2 - Jason Allison (Col)
3 - François Beauchemin (Clb)
Power Play
Blue Jackets - 1 on 5 Attempt(s) - 20,00%
Avalanche - 3 on 6 Attempt(s) - 50,00%
Penalty Kill
Blue Jackets - 3 on 6 Attempt(s) - 50,00%
- Score 0 goal in Penalty Kill
Avalanche - 4 on 5 Attempt(s) - 80,00%
- Score 0 goal in Penalty Kill
Official
Referees : Banfield David and Kowal Tom
Linesman : Pierre Racicot and Lonnie Cameron
Game Notes
No Game Note
Finance
Level 1 -- Attendance: 6000 (100,00%) -- Ticket Income 504 000 $
Level 2 -- Attendance: 4705 (94,10%) -- Ticket Income 235 250 $
Level 3 -- Attendance: 2000 (100,00%) -- Ticket Income 56 000 $
Level 4 -- Attendance: 3928 (98,20%) -- Ticket Income 70 704 $
Luxury Box -- Attendance: 908 (90,80%) -- Ticket Income 151 636 $
Game was played at the Pepsi Center
Total Attendance: 17541 (97,45%)
Total Ticket Income: 1 017 590 $
Other Income: 152 638 $
Total Income: 1 170 228 $
Blue Jackets
5 vs 5 Forward
Center Left Wing Right Wing Time % Phy DF OF
1 Marc Savard David Booth Pavel Bure 40 1 2 2
2 Jan Bulis Ramzi Abid Blake Wheeler 30 1 2 2
3 Chris Kelly Marcus Nilson Adam Deadmarsh 20 1 2 2
4 Dave Steckel Jeff Taffe Jason Ward 10 1 2 2
5 vs 5 Defense
Defense Defense Time % Phy DF OF
1 Branislav Mezei Wade Redden 40 1 2 2
2 François Beauchemin Brad Stuart 30 1 2 2
3 Mike Commodore A.J Thelen 20 1 2 2
4 Branislav Mezei Wade Redden 10 1 2 2
PowerPlay Forward
Center Left Wing Right Wing Time % Phy DF OF
1 Marc Savard David Booth Pavel Bure 60 1 2 2
2 Jan Bulis Ramzi Abid Blake Wheeler 40 1 2 2
PowerPlay Defense
Defense Defense Time % Phy DF OF
1 Branislav Mezei Wade Redden 60 1 2 2
2 François Beauchemin Brad Stuart 40 1 2 2
Penalty Kill 4 Players Forward
Center Wing Time % Phy DF OF
1 Marc Savard David Booth 60 1 2 2
2 Pavel Bure Blake Wheeler 40 1 2 2
Penalty Kill 4 Players Defense
Defense Defense Time % Phy DF OF
1 Branislav Mezei Wade Redden 60 1 2 2
2 François Beauchemin Brad Stuart 40 1 2 2
Penalty Kill - 3 Players Forward
Forward Time % Phy DF OF
1 Marc Savard 60 1 2 2
2 David Booth 40 1 2 2
Penalty Kill - 3 Players Defense
Defense Defense Time % Phy DF OF
1 Branislav Mezei Wade Redden 60 1 2 2
2 François Beauchemin Brad Stuart 40 1 2 2
4 vs 4 Forward
Center Wing Time % Phy DF OF
1 Marc Savard David Booth 60 1 2 2
2 Pavel Bure Blake Wheeler 40 1 2 2
4 vs 4 Defense
Defense Defense Time % Phy DF OF
1 Branislav Mezei Wade Redden 60 1 2 2
2 François Beauchemin Brad Stuart 40 1 2 2
Last Minutes Offensive
Center Left Wing Right Wing Defense Defense
Marc Savard David Booth Pavel Bure Branislav Mezei Wade Redden
Last Minutes Defensive
Center Left Wing Right Wing Defense Defense
Marc Savard David Booth Pavel Bure Branislav Mezei Wade Redden
Goaltenders
Starting : Rick DiPietro
Backup : Mathieu Garon
Extra Forwards
Normal : Marcus Nilson, Chris Kelly, Jeff Taffe - PP : Marcus Nilson, Chris Kelly - PK : Jeff Taffe
Extra Defensemen
Normal : Mike Commodore, A.J Thelen, François Beauchemin - PP : Mike Commodore - PK : A.J Thelen, François Beauchemin
Penalty Shots
Marc Savard, David Booth, Pavel Bure, Blake Wheeler, Ramzi Abid
Avalanche
5 vs 5 Forward
Center Left Wing Right Wing Time % Phy DF OF
1 Jason Allison Rostislav Olesz Corey Perry 35 1 2 2
2 Mike Comrie Ryan Smyth Jason Pominville 35 1 2 2
3 Maxim Talbot Andrew Ladd Dustin Byfuglien 15 1 2 2
4 Bryan Little Michael Rupp Chuck Kobasew 15 1 2 2
5 vs 5 Defense
Defense Defense Time % Phy DF OF
1 Jack Johnson Drew Doughty 35 1 2 2
2 Marc Staal Dave Tanabe 35 1 2 2
3 Brian Campbell Shane O'Brien 30 1 2 2
4 Jack Johnson Drew Doughty 0 1 2 2
PowerPlay Forward
Center Left Wing Right Wing Time % Phy DF OF
1 Jason Allison Ryan Smyth Corey Perry 60 1 2 2
2 Bryan Little Rostislav Olesz Jason Pominville 40 1 2 2
PowerPlay Defense
Defense Defense Time % Phy DF OF
1 Drew Doughty Dave Tanabe 60 1 2 2
2 Brian Campbell Jack Johnson 40 1 2 2
Penalty Kill 4 Players Forward
Center Wing Time % Phy DF OF
1 Mike Comrie Michael Rupp 60 1 2 2
2 Dustin Byfuglien Chuck Kobasew 40 1 2 2
Penalty Kill 4 Players Defense
Defense Defense Time % Phy DF OF
1 Jack Johnson Marc Staal 60 1 2 2
2 Dave Tanabe Shane O'Brien 40 1 2 2
Penalty Kill - 3 Players Forward
Forward Time % Phy DF OF
1 Mike Comrie 60 1 2 2
2 Jason Pominville 40 1 2 2
Penalty Kill - 3 Players Defense
Defense Defense Time % Phy DF OF
1 Jack Johnson Marc Staal 60 1 2 2
2 Dave Tanabe Shane O'Brien 40 1 2 2
4 vs 4 Forward
Center Wing Time % Phy DF OF
1 Corey Perry Jason Pominville 60 1 2 2
2 Ryan Smyth Mike Comrie 40 1 2 2
4 vs 4 Defense
Defense Defense Time % Phy DF OF
1 Jack Johnson Marc Staal 60 1 2 2
2 Dave Tanabe Drew Doughty 40 1 2 2
Last Minutes Offensive
Center Left Wing Right Wing Defense Defense
Jason Allison Ryan Smyth Corey Perry Drew Doughty Dave Tanabe
Last Minutes Defensive
Center Left Wing Right Wing Defense Defense
Mike Comrie Michael Rupp Chuck Kobasew Jack Johnson Marc Staal
Goaltenders
Starting : Jimmy Howard
Backup : Marty Turco
Extra Forwards
Normal : Dustin Byfuglien, Rostislav Olesz, Andrew Ladd - PP : Dustin Byfuglien, Rostislav Olesz - PK : Andrew Ladd
Extra Defensemen
Normal : Dave Tanabe, Shane O'Brien, Drew Doughty - PP : Dave Tanabe - PK : Shane O'Brien, Drew Doughty
Penalty Shots
Corey Perry, Ryan Smyth, Bryan Little, Mike Comrie, Dave Tanabe
% Time on Ice - Blue Jackets
Lines # - Real PCT - Wanted PCT - Time Play
Normal Forward
1 - 33% - 40% - 13:49
2 - 29% - 30% - 12:20
3 - 23% - 20% - 9:33
4 - 15% - 10% - 6:12
Normal Defense
1 - 44% - 40% - 18:29
2 - 31% - 30% - 13:00
3 - 23% - 20% - 9:45
4 - 2% - 10% - 0:40
PP Forward
1 - 59% - 60% - 5:40
2 - 41% - 40% - 3:59
PP Defense
1 - 49% - 60% - 4:41
2 - 51% - 40% - 4:58
PK Forward
1 - 75% - 60% - 6:21
2 - 25% - 40% - 2:06
PK Defense
1 - 56% - 60% - 4:43
2 - 44% - 40% - 3:44
PK3 Forward
1 - 0% - 60%
2 - 0% - 40%
PK3 Defense
1 - 0% - 60%
2 - 0% - 40%
44 Forward
1 - 0% - 60%
2 - 0% - 40%
44 Defense
1 - 0% - 60%
2 - 0% - 40%
Last Minute Offensive - 0:00
Last Minute Defensive - 0:00
Total
Forward - 60:00
Defense - 60:00
|
% Time on Ice - Avalanche
Lines # - Real PCT - Wanted PCT - Time Play
Normal Forward
1 - 32% - 35% - 13:18
2 - 30% - 35% - 12:41
3 - 19% - 15% - 7:58
4 - 19% - 15% - 7:57
Normal Defense
1 - 35% - 35% - 14:45
2 - 35% - 35% - 14:46
3 - 30% - 30% - 12:23
4 - 0% - 0% - 0:00
PP Forward
1 - 59% - 60% - 5:01
2 - 41% - 40% - 3:26
PP Defense
1 - 60% - 60% - 5:03
2 - 40% - 40% - 3:24
PK Forward
1 - 72% - 60% - 6:54
2 - 28% - 40% - 2:45
PK Defense
1 - 66% - 60% - 6:20
2 - 34% - 40% - 3:19
PK3 Forward
1 - 0% - 60%
2 - 0% - 40%
PK3 Defense
1 - 0% - 60%
2 - 0% - 40%
44 Forward
1 - 0% - 60%
2 - 0% - 40%
44 Defense
1 - 0% - 60%
2 - 0% - 40%
Last Minute Offensive - 0:00
Last Minute Defensive - 0:00
Total
Forward - 60:00
Defense - 60:00
|
Play by Play
1st period
0:01 of 1st period - Jason Allison wins face-off versus Marc Savard in neutral zone.
0:04 of 1st period - Slapshot by Corey Perry.
0:04 of 1st period - Shot Blocked by Branislav Mezei.
0:12 of 1st period - Wrist shot by David Booth.
0:12 of 1st period - Shot Misses the Net.
0:23 of 1st period - Icing by Drew Doughty.
0:24 of 1st period - Jason Allison wins face-off versus Jan Bulis in Avalanche zone.
0:28 of 1st period - Off-side.
0:29 of 1st period - Jan Bulis wins face-off versus Mike Comrie in neutral zone.
0:36 of 1st period - Wrist shot by Mike Comrie.
0:36 of 1st period - Shot Misses the Net.
0:50 of 1st period - Minor Penalty to Blake Wheeler for Roughing.
0:51 of 1st period - Marc Savard wins face-off versus Jason Allison in Blue Jackets zone.
1:06 of 1st period - Slapshot by Drew Doughty.
1:06 of 1st period - Shot Misses the Net.
1:16 of 1st period - Wade Redden is hit by Rostislav Olesz and loses puck.
1:21 of 1st period - Snap shot by Jason Pominville.
1:21 of 1st period - Deflect By Rostislav Olesz.
1:21 of 1st period - Shot Misses the Net.
1:21 of 1st period - Puck is out of play.
1:22 of 1st period - Pavel Bure wins face-off versus Bryan Little in Blue Jackets zone.
1:31 of 1st period - Wrist shot by Jason Pominville.
1:31 of 1st period - Stopped by Rick DiPietro with a rebound.
1:33 of 1st period - Slapshot by Brian Campbell.
1:33 of 1st period - Shot Misses the Net.
1:35 of 1st period - Snap shot by Bryan Little.
1:35 of 1st period - Shot Blocked by Brad Stuart.
1:43 of 1st period - Snap shot by Jason Pominville.
1:43 of 1st period - Goal by Jason Pominville - Blue Jackets : 0 - Avalanche : 1.
1:44 of 1st period - Marc Savard wins face-off versus Bryan Little in neutral zone.
1:49 of 1st period - Slapshot by David Booth.
1:49 of 1st period - Shot Blocked by Michael Rupp.
1:59 of 1st period - Snap shot by Bryan Little.
1:59 of 1st period - Deflect By Michael Rupp.
1:59 of 1st period - Goal by Michael Rupp - Blue Jackets : 0 - Avalanche : 2.
2:00 of 1st period - Chris Kelly wins face-off versus Jason Allison in neutral zone.
2:11 of 1st period - Slapshot by Chris Kelly.
2:11 of 1st period - Shot Blocked by Corey Perry.
2:13 of 1st period - Snap shot by Chris Kelly.
2:13 of 1st period - Stopped by Jimmy Howard without a rebound.
2:14 of 1st period - Mike Comrie wins face-off versus Marc Savard in Avalanche zone.
3:28 of 1st period - Wrist shot by Jason Ward.
3:28 of 1st period - Shot Misses the Net.
3:46 of 1st period - Backhand shot by Jason Pominville.
3:46 of 1st period - Stopped by Rick DiPietro with a rebound.
3:51 of 1st period - Off-side.
3:52 of 1st period - Mike Comrie wins face-off versus Jan Bulis in neutral zone.
4:03 of 1st period - Snap shot by Jan Bulis.
4:03 of 1st period - Shot Misses the Net.
4:05 of 1st period - Slapshot by A.J Thelen.
4:05 of 1st period - Deflect By Dave Tanabe.
4:05 of 1st period - Stopped by Jimmy Howard without a rebound.
4:06 of 1st period - Marc Savard wins face-off versus Rostislav Olesz in Avalanche zone.
4:19 of 1st period - Pavel Bure is hit by Jason Allison and loses puck.
4:32 of 1st period - Marc Staal is hit by Marcus Nilson and loses puck.
4:58 of 1st period - Snap shot by Blake Wheeler.
4:58 of 1st period - Goal by Blake Wheeler - Blue Jackets : 1 - Avalanche : 2.
4:59 of 1st period - Marc Savard wins face-off versus Jason Allison in neutral zone.
5:25 of 1st period - Wade Redden is hit by Andrew Ladd and loses puck.
5:30 of 1st period - Slapshot by Brian Campbell.
5:30 of 1st period - Shot Blocked by Jan Bulis.
5:32 of 1st period - Slapshot by Brian Campbell.
5:32 of 1st period - Stopped by Rick DiPietro with a rebound.
5:34 of 1st period - Snap shot by Dustin Byfuglien.
5:34 of 1st period - Shot Blocked by Wade Redden.
5:36 of 1st period - Snap shot by Maxim Talbot.
5:36 of 1st period - Shot Misses the Net.
5:38 of 1st period - Slapshot by Shane O'Brien.
5:38 of 1st period - Deflect By Dustin Byfuglien.
5:38 of 1st period - Shot Blocked by Branislav Mezei.
5:38 of 1st period - Puck is out of play.
5:39 of 1st period - Chris Kelly wins face-off versus Mike Comrie in Blue Jackets zone.
6:15 of 1st period - Wrist shot by Marc Savard.
6:15 of 1st period - Shot Misses the Net.
6:25 of 1st period - Slapshot by Corey Perry.
6:25 of 1st period - Deflect By Bryan Little.
6:25 of 1st period - Shot Misses the Net.
6:25 of 1st period - Puck is out of play.
6:26 of 1st period - Bryan Little wins face-off versus Jan Bulis in Blue Jackets zone.
6:37 of 1st period - Wrist shot by Bryan Little.
6:37 of 1st period - Stopped by Rick DiPietro without a rebound.
6:38 of 1st period - Dave Steckel wins face-off versus Mike Comrie in Blue Jackets zone.
7:15 of 1st period - Marc Staal is hit by Pavel Bure and loses puck.
7:34 of 1st period - Snap shot by Jan Bulis.
7:34 of 1st period - Shot Misses the Net.
8:30 of 1st period - Shane O'Brien is hit by Marc Savard and loses puck.
8:55 of 1st period - Wade Redden is hit by Dustin Byfuglien and loses puck.
9:32 of 1st period - Wrist shot by Marc Savard.
9:32 of 1st period - Stopped by Jimmy Howard with a rebound.
9:34 of 1st period - Snap shot by Marc Savard.
9:34 of 1st period - Shot Misses the Net.
10:06 of 1st period - Dave Tanabe is hit by Jan Bulis and loses puck.
10:11 of 1st period - Slapshot by Jan Bulis.
10:11 of 1st period - Shot Misses the Net.
10:13 of 1st period - Wrist shot by Jan Bulis.
10:13 of 1st period - Stopped by Jimmy Howard without a rebound.
10:14 of 1st period - Marc Savard wins face-off versus Mike Comrie in Avalanche zone.
10:18 of 1st period - Minor Penalty to Mike Comrie for Hooking.
10:19 of 1st period - Marc Savard wins face-off versus Andrew Ladd in Avalanche zone.
12:07 of 1st period - Jack Johnson is hit by Pavel Bure and loses puck.
12:18 of 1st period - Penalty to Mike Comrie is over, Mike Comrie is back on ice.
12:58 of 1st period - Jeff Taffe is hit by Bryan Little and loses puck.
13:47 of 1st period - Wrist shot by Jason Pominville.
13:47 of 1st period - Deflect By Mike Comrie.
13:47 of 1st period - Stopped by Rick DiPietro with a rebound.
13:57 of 1st period - Drew Doughty is hit by Branislav Mezei and loses puck.
14:08 of 1st period - Snap shot by Blake Wheeler.
14:08 of 1st period - Shot Hit the Post.
14:20 of 1st period - Jack Johnson is hit by Marcus Nilson and loses puck.
15:02 of 1st period - Dave Tanabe is hit by Chris Kelly and loses puck.
15:17 of 1st period - Backhand shot by Rostislav Olesz.
15:17 of 1st period - Shot Misses the Net.
15:37 of 1st period - Snap shot by Jeff Taffe.
15:37 of 1st period - Deflect By Dave Steckel.
15:37 of 1st period - Shot Blocked by Dustin Byfuglien.
15:37 of 1st period - Puck is out of play.
15:38 of 1st period - Mike Comrie wins face-off versus Jan Bulis in Avalanche zone.
15:43 of 1st period - Wrist shot by Brian Campbell.
15:43 of 1st period - Shot Misses the Net.
15:45 of 1st period - Minor Penalty to Brad Stuart for Tripping.
15:46 of 1st period - Marc Savard wins face-off versus Jason Allison in Blue Jackets zone.
17:03 of 1st period - Slapshot by Pavel Bure.
17:03 of 1st period - Shot Misses the Net.
17:29 of 1st period - Icing by Dave Tanabe.
17:30 of 1st period - Pavel Bure wins face-off versus Bryan Little in Avalanche zone.
17:31 of 1st period - Wrist shot by Blake Wheeler.
17:31 of 1st period - Stopped by Jimmy Howard without a rebound.
17:32 of 1st period - Jason Allison wins face-off versus Pavel Bure in Avalanche zone.
17:39 of 1st period - Snap shot by Ryan Smyth.
17:39 of 1st period - Shot Misses the Net.
17:41 of 1st period - Wrist shot by Ryan Smyth.
17:41 of 1st period - Shot Blocked by Pavel Bure.
17:45 of 1st period - Penalty to Brad Stuart is over, Brad Stuart is back on ice.
18:14 of 1st period - Snap shot by David Booth.
18:14 of 1st period - Shot Blocked by Shane O'Brien.
18:16 of 1st period - Wrist shot by David Booth.
18:16 of 1st period - Shot Blocked by Shane O'Brien.
18:18 of 1st period - Snap shot by Marc Savard.
18:18 of 1st period - Shot Misses the Net.
18:28 of 1st period - Snap shot by Dave Steckel.
18:28 of 1st period - Stopped by Jimmy Howard without a rebound.
18:29 of 1st period - Mike Comrie wins face-off versus Jason Ward in Avalanche zone.
18:29 of 1st period - Mike Comrie is hit by Wade Redden.
18:38 of 1st period - Slapshot by Marc Staal.
18:38 of 1st period - Shot Misses the Net.
18:40 of 1st period - Slapshot by Dave Tanabe.
18:40 of 1st period - Shot Blocked by Jeff Taffe.
18:42 of 1st period - Snap shot by Mike Comrie.
18:42 of 1st period - Goal by Mike Comrie - Blue Jackets : 1 - Avalanche : 3.
18:43 of 1st period - Jason Allison wins face-off versus Marc Savard in neutral zone.
19:16 of 1st period - Off-side.
19:17 of 1st period - Mike Comrie wins face-off versus Marc Savard in neutral zone.
19:31 of 1st period - Minor Penalty to Marc Savard for Interference.
19:32 of 1st period - Jeff Taffe wins face-off versus Jason Allison in Blue Jackets zone.
Goals for this period are 1 for Blue Jackets vs 3 for Avalanche.
Shots for this period are 7 for Blue Jackets vs 8 for Avalanche.
2nd period
0:01 of 2nd period - Jeff Taffe wins face-off versus Corey Perry in neutral zone.
0:29 of 2nd period - Wade Redden is hit by Ryan Smyth and loses puck.
0:34 of 2nd period - Snap shot by Jason Allison.
0:34 of 2nd period - Shot Misses the Net.
0:36 of 2nd period - Slapshot by Drew Doughty.
0:36 of 2nd period - Stopped by Rick DiPietro without a rebound.
0:37 of 2nd period - Rostislav Olesz wins face-off versus Jeff Taffe in Blue Jackets zone.
1:31 of 2nd period - Penalty to Marc Savard is over, Marc Savard is back on ice.
2:23 of 2nd period - Wrist shot by Corey Perry.
2:23 of 2nd period - Shot Misses the Net.
2:39 of 2nd period - Mike Commodore is hit by Jason Pominville and loses puck.
3:08 of 2nd period - Marc Staal is hit by François Beauchemin.
3:20 of 2nd period - Slapshot by Brad Stuart.
3:20 of 2nd period - Shot Misses the Net.
3:46 of 2nd period - Icing by Branislav Mezei.
3:47 of 2nd period - Marc Savard wins face-off versus Bryan Little in Blue Jackets zone.
4:38 of 2nd period - Double Minor Penalty to Jason Pominville for High sticking.
4:39 of 2nd period - Mike Comrie wins face-off versus Marc Savard in Avalanche zone.
5:11 of 2nd period - Slapshot by Wade Redden.
5:11 of 2nd period - Stopped by Jimmy Howard without a rebound.
5:12 of 2nd period - Dustin Byfuglien wins face-off versus Jan Bulis in Avalanche zone.
5:41 of 2nd period - Dave Tanabe is hit by Pavel Bure and loses puck.
7:10 of 2nd period - Snap shot by Brad Stuart.
7:10 of 2nd period - Shot Blocked by Rostislav Olesz.
7:12 of 2nd period - Wrist shot by Chris Kelly.
7:12 of 2nd period - Stopped by Jimmy Howard with a rebound.
7:14 of 2nd period - Snap shot by Adam Deadmarsh.
7:14 of 2nd period - Shot Misses the Net.
7:19 of 2nd period - Slapshot by Brad Stuart.
7:19 of 2nd period - Stopped by Jimmy Howard without a rebound.
7:20 of 2nd period - Mike Comrie wins face-off versus David Booth in Avalanche zone.
8:38 of 2nd period - Penalty to Jason Pominville is over, Jason Pominville is back on ice.
8:45 of 2nd period - Rostislav Olesz is hit by Dave Steckel and loses puck.
9:16 of 2nd period - Wrist shot by Jason Pominville.
9:16 of 2nd period - Stopped by Rick DiPietro without a rebound.
9:17 of 2nd period - Dave Steckel wins face-off versus Bryan Little in Blue Jackets zone.
10:04 of 2nd period - Minor Penalty to Marc Savard for Roughing.
10:05 of 2nd period - David Booth wins face-off versus Jason Allison in Blue Jackets zone.
10:18 of 2nd period - Branislav Mezei is hit by Corey Perry and loses puck.
10:39 of 2nd period - Slapshot by Rostislav Olesz.
10:39 of 2nd period - Stopped by Rick DiPietro with a rebound.
10:41 of 2nd period - Slapshot by Drew Doughty.
10:41 of 2nd period - Shot Misses the Net.
11:06 of 2nd period - Snap shot by Blake Wheeler.
11:06 of 2nd period - Shot Misses the Net.
12:04 of 2nd period - Penalty to Marc Savard is over, Marc Savard is back on ice.
12:06 of 2nd period - Dave Steckel is hit by Chuck Kobasew and loses puck.
14:22 of 2nd period - Jeff Taffe is hit by Maxim Talbot.
14:38 of 2nd period - Chuck Kobasew is hit by Marc Savard and loses puck.
14:45 of 2nd period - Wrist shot by David Booth.
14:45 of 2nd period - Goal by David Booth - Blue Jackets : 2 - Avalanche : 3.
14:46 of 2nd period - Marc Savard wins face-off versus Mike Comrie in neutral zone.
16:13 of 2nd period - Branislav Mezei is hit by Shane O'Brien and loses puck.
16:18 of 2nd period - Snap shot by Mike Comrie.
16:18 of 2nd period - Shot Hit the Post.
16:20 of 2nd period - Slapshot by Jason Pominville.
16:20 of 2nd period - Shot Misses the Net.
16:22 of 2nd period - Snap shot by Mike Comrie.
16:22 of 2nd period - Shot Misses the Net.
16:46 of 2nd period - Double Minor Penalty to Marc Staal for Slashing.
16:47 of 2nd period - Mike Comrie wins face-off versus Marc Savard in Avalanche zone.
17:15 of 2nd period - Icing by Ramzi Abid.
17:16 of 2nd period - Jan Bulis wins face-off versus Dustin Byfuglien in Blue Jackets zone.
17:27 of 2nd period - Snap shot by Jan Bulis.
17:27 of 2nd period - Stopped by Jimmy Howard without a rebound.
17:28 of 2nd period - Mike Comrie wins face-off versus Marc Savard in Avalanche zone.
18:03 of 2nd period - Mike Comrie is hit by Branislav Mezei and loses puck.
18:14 of 2nd period - Brad Stuart is hit by Chuck Kobasew and loses puck.
18:22 of 2nd period - Icing by Pavel Bure.
18:23 of 2nd period - Marc Savard wins face-off versus Mike Comrie in Blue Jackets zone.
18:28 of 2nd period - Slapshot by François Beauchemin.
18:28 of 2nd period - Goal by François Beauchemin - Blue Jackets : 3 - Avalanche : 3.
18:29 of 2nd period - Mike Comrie wins face-off versus Marc Savard in neutral zone.
18:38 of 2nd period - Wrist shot by Michael Rupp.
18:38 of 2nd period - Shot Blocked by Branislav Mezei.
18:40 of 2nd period - Slapshot by Shane O'Brien.
18:40 of 2nd period - Shot Blocked by Branislav Mezei.
18:42 of 2nd period - Slapshot by Mike Comrie.
18:42 of 2nd period - Stopped by Rick DiPietro without a rebound.
18:43 of 2nd period - Marc Savard wins face-off versus Mike Comrie in Blue Jackets zone.
18:56 of 2nd period - Wrist shot by David Booth.
18:56 of 2nd period - Stopped by Jimmy Howard with a rebound.
18:58 of 2nd period - Snap shot by Pavel Bure.
18:58 of 2nd period - Stopped by Jimmy Howard with a rebound.
Goals for this period are 2 for Blue Jackets vs 0 for Avalanche.
Shots for this period are 8 for Blue Jackets vs 4 for Avalanche.
3rd period
0:01 of 3rd period - Marc Savard wins face-off versus Mike Comrie in neutral zone.
0:04 of 3rd period - Slapshot by Branislav Mezei.
0:04 of 3rd period - Stopped by Jimmy Howard with a rebound.
0:06 of 3rd period - Slapshot by Wade Redden.
0:06 of 3rd period - Shot Blocked by Jack Johnson.
0:20 of 3rd period - Mike Comrie is hit by Marc Savard and loses puck.
0:28 of 3rd period - Penalty to Marc Staal is over, Marc Staal is back on ice.
0:55 of 3rd period - Snap shot by Ramzi Abid.
0:55 of 3rd period - Deflect By Chris Kelly.
0:55 of 3rd period - Shot Blocked by Dave Tanabe.
0:55 of 3rd period - Puck is out of play.
0:56 of 3rd period - Chris Kelly wins face-off versus Maxim Talbot in Avalanche zone.
1:22 of 3rd period - Slapshot by Dave Tanabe.
1:22 of 3rd period - Stopped by Rick DiPietro without a rebound.
1:23 of 3rd period - Marc Savard wins face-off versus Mike Comrie in Blue Jackets zone.
1:50 of 3rd period - A.J Thelen is hit by Michael Rupp and loses puck.
2:03 of 3rd period - Wrist shot by David Booth.
2:03 of 3rd period - Shot Misses the Net.
2:22 of 3rd period - Backhand shot by Jason Allison.
2:22 of 3rd period - Stopped by Rick DiPietro without a rebound.
2:23 of 3rd period - Jan Bulis wins face-off versus Mike Comrie in Blue Jackets zone.
2:23 of 3rd period - Blake Wheeler is hit by Mike Comrie and loses puck.
3:03 of 3rd period - Minor Penalty to Marcus Nilson for Interference.
3:04 of 3rd period - Jason Allison wins face-off versus Marc Savard in Blue Jackets zone.
3:09 of 3rd period - Slapshot by Drew Doughty.
3:09 of 3rd period - Shot Blocked by Branislav Mezei.
3:11 of 3rd period - Wrist shot by Corey Perry.
3:11 of 3rd period - Goal by Corey Perry - Blue Jackets : 3 - Avalanche : 4.
3:12 of 3rd period - Marc Savard wins face-off versus Mike Comrie in neutral zone.
3:15 of 3rd period - Wrist shot by Marc Savard.
3:15 of 3rd period - Stopped by Jimmy Howard without a rebound.
3:16 of 3rd period - Mike Comrie wins face-off versus David Booth in Avalanche zone.
3:46 of 3rd period - Off-side.
3:47 of 3rd period - Jan Bulis wins face-off versus Jason Allison in neutral zone.
3:59 of 3rd period - Slapshot by Rostislav Olesz.
3:59 of 3rd period - Shot Misses the Net.
4:09 of 3rd period - Snap shot by Corey Perry.
4:09 of 3rd period - Shot Misses the Net.
4:17 of 3rd period - Wrist shot by Corey Perry.
4:17 of 3rd period - Shot Misses the Net.
4:43 of 3rd period - Wrist shot by Blake Wheeler.
4:43 of 3rd period - Shot Blocked by Rostislav Olesz.
4:45 of 3rd period - Snap shot by Jan Bulis.
4:45 of 3rd period - Deflect By Rostislav Olesz.
4:45 of 3rd period - Shot Misses the Net.
4:45 of 3rd period - Puck is out of play.
4:46 of 3rd period - Mike Comrie wins face-off versus Marc Savard in Avalanche zone.
4:46 of 3rd period - Mike Comrie is hit by Pavel Bure.
4:52 of 3rd period - Slapshot by Drew Doughty.
4:52 of 3rd period - Shot Blocked by Marc Savard.
5:00 of 3rd period - Jack Johnson is hit by Marc Savard and loses puck.
5:15 of 3rd period - Off-side.
5:16 of 3rd period - Marc Savard wins face-off versus Maxim Talbot in neutral zone.
5:29 of 3rd period - Slapshot by Dustin Byfuglien.
5:29 of 3rd period - Deflect By Andrew Ladd.
5:29 of 3rd period - Stopped by Rick DiPietro without a rebound.
5:30 of 3rd period - Marc Savard wins face-off versus Ryan Smyth in Blue Jackets zone.
5:50 of 3rd period - Branislav Mezei is hit by Jason Pominville and loses puck.
6:01 of 3rd period - Jason Allison is hit by Branislav Mezei and loses puck.
6:25 of 3rd period - Snap shot by Michael Rupp.
6:25 of 3rd period - Stopped by Rick DiPietro without a rebound.
6:26 of 3rd period - Bryan Little wins face-off versus Chris Kelly in Blue Jackets zone.
6:37 of 3rd period - Wrist shot by Michael Rupp.
6:37 of 3rd period - Stopped by Rick DiPietro without a rebound.
6:38 of 3rd period - Ryan Smyth wins face-off versus Marc Savard in Blue Jackets zone.
6:45 of 3rd period - Wrist shot by Ryan Smyth.
6:45 of 3rd period - Shot Blocked by David Booth.
7:13 of 3rd period - Jason Allison is hit by Brad Stuart and loses puck.
7:26 of 3rd period - Slapshot by Ramzi Abid.
7:26 of 3rd period - Stopped by Jimmy Howard with a rebound.
7:28 of 3rd period - Wrist shot by Chris Kelly.
7:28 of 3rd period - Shot Misses the Net.
7:30 of 3rd period - Snap shot by Adam Deadmarsh.
7:30 of 3rd period - Stopped by Jimmy Howard with a rebound.
7:32 of 3rd period - Wrist shot by Chris Kelly.
7:32 of 3rd period - Stopped by Jimmy Howard without a rebound.
7:33 of 3rd period - Chris Kelly wins face-off versus Mike Comrie in Avalanche zone.
7:38 of 3rd period - Snap shot by Marcus Nilson.
7:38 of 3rd period - Stopped by Jimmy Howard with a rebound.
7:40 of 3rd period - Snap shot by Adam Deadmarsh.
7:40 of 3rd period - Shot Misses the Net.
7:56 of 3rd period - Snap shot by Marcus Nilson.
7:56 of 3rd period - Stopped by Jimmy Howard with a rebound.
7:58 of 3rd period - Snap shot by A.J Thelen.
7:58 of 3rd period - Stopped by Jimmy Howard with a rebound.
8:00 of 3rd period - Slapshot by A.J Thelen.
8:00 of 3rd period - Stopped by Jimmy Howard without a rebound.
8:01 of 3rd period - Jason Allison wins face-off versus Marc Savard in Avalanche zone.
8:07 of 3rd period - Icing by Mike Commodore.
8:08 of 3rd period - Jason Allison wins face-off versus Marc Savard in Blue Jackets zone.
8:15 of 3rd period - Snap shot by Rostislav Olesz.
8:15 of 3rd period - Stopped by Rick DiPietro with a rebound.
8:17 of 3rd period - Backhand shot by Drew Doughty.
8:17 of 3rd period - Stopped by Rick DiPietro without a rebound.
8:18 of 3rd period - Mike Comrie wins face-off versus David Booth in Blue Jackets zone.
8:19 of 3rd period - Snap shot by Ryan Smyth.
8:19 of 3rd period - Stopped by Rick DiPietro without a rebound.
8:20 of 3rd period - Marc Savard wins face-off versus Mike Comrie in Blue Jackets zone.
8:25 of 3rd period - Mike Comrie is hit by David Booth.
9:21 of 3rd period - Backhand shot by Marc Savard.
9:21 of 3rd period - Stopped by Jimmy Howard with a rebound.
9:28 of 3rd period - Off-side.
9:29 of 3rd period - Jan Bulis wins face-off versus Ryan Smyth in neutral zone.
9:34 of 3rd period - Slapshot by François Beauchemin.
9:34 of 3rd period - Deflect By Mike Comrie.
9:34 of 3rd period - Stopped by Jimmy Howard without a rebound.
9:35 of 3rd period - Mike Comrie wins face-off versus Jan Bulis in Avalanche zone.
9:35 of 3rd period - Mike Comrie is hit by Brad Stuart.
10:10 of 3rd period - Wrist shot by Ramzi Abid.
10:10 of 3rd period - Stopped by Jimmy Howard without a rebound.
10:11 of 3rd period - Chris Kelly wins face-off versus Jason Allison in Avalanche zone.
10:22 of 3rd period - Snap shot by Chris Kelly.
10:22 of 3rd period - Shot Blocked by Dave Tanabe.
10:24 of 3rd period - Slapshot by Branislav Mezei.
10:24 of 3rd period - Stopped by Jimmy Howard without a rebound.
10:25 of 3rd period - Jason Allison wins face-off versus Marc Savard in Avalanche zone.
10:52 of 3rd period - Blake Wheeler is hit by Mike Comrie and loses puck.
11:13 of 3rd period - Slapshot by Wade Redden.
11:13 of 3rd period - Deflect By Adam Deadmarsh.
11:13 of 3rd period - Stopped by Jimmy Howard without a rebound.
11:14 of 3rd period - Adam Deadmarsh wins face-off versus Jason Allison in Avalanche zone.
11:15 of 3rd period - Wrist shot by Marcus Nilson.
11:15 of 3rd period - Shot Hit the Post.
11:21 of 3rd period - Wrist shot by Corey Perry.
11:21 of 3rd period - Shot Blocked by François Beauchemin.
11:48 of 3rd period - Slapshot by Brad Stuart.
11:48 of 3rd period - Stopped by Jimmy Howard with a rebound.
12:26 of 3rd period - Mike Commodore is hit by Bryan Little and loses puck.
12:46 of 3rd period - Minor Penalty to Chris Kelly for High sticking.
12:47 of 3rd period - Jason Allison wins face-off versus Marc Savard in Blue Jackets zone.
12:47 of 3rd period - Slapshot by Drew Doughty.
12:47 of 3rd period - Stopped by Rick DiPietro without a rebound.
12:48 of 3rd period - Jason Allison wins face-off versus Marc Savard in Blue Jackets zone.
12:49 of 3rd period - Snap shot by Corey Perry.
12:49 of 3rd period - Stopped by Rick DiPietro without a rebound.
12:50 of 3rd period - Marc Savard wins face-off versus Jason Allison in Blue Jackets zone.
13:14 of 3rd period - Icing by Corey Perry.
13:15 of 3rd period - Bryan Little wins face-off versus Marc Savard in Avalanche zone.
13:24 of 3rd period - Snap shot by Drew Doughty.
13:24 of 3rd period - Stopped by Rick DiPietro with a rebound.
13:50 of 3rd period - Snap shot by Blake Wheeler.
13:50 of 3rd period - Stopped by Jimmy Howard with a rebound.
14:02 of 3rd period - Brian Campbell is hit by Blake Wheeler and loses puck.
14:13 of 3rd period - Snap shot by Corey Perry.
14:13 of 3rd period - Stopped by Rick DiPietro with a rebound.
14:15 of 3rd period - Wrist shot by Jason Allison.
14:15 of 3rd period - Goal by Jason Allison - Blue Jackets : 3 - Avalanche : 5.
14:16 of 3rd period - Marc Savard wins face-off versus Maxim Talbot in neutral zone.
14:41 of 3rd period - Wade Redden is hit by Jason Pominville and loses puck.
14:46 of 3rd period - Slapshot by Drew Doughty.
14:46 of 3rd period - Shot Misses the Net.
14:48 of 3rd period - Snap shot by Jason Pominville.
14:48 of 3rd period - Shot Misses the Net.
14:50 of 3rd period - Slapshot by Jack Johnson.
14:50 of 3rd period - Stopped by Rick DiPietro with a rebound.
14:52 of 3rd period - Snap shot by Drew Doughty.
14:52 of 3rd period - Deflect By Blake Wheeler.
14:52 of 3rd period - Stopped by Rick DiPietro with a rebound.
15:04 of 3rd period - Wade Redden is hit by Dave Tanabe and loses puck.
15:29 of 3rd period - Slapshot by Jeff Taffe.
15:29 of 3rd period - Stopped by Jimmy Howard without a rebound.
15:30 of 3rd period - Chris Kelly wins face-off versus Maxim Talbot in Avalanche zone.
15:37 of 3rd period - Slapshot by Chris Kelly.
15:37 of 3rd period - Stopped by Jimmy Howard with a rebound.
15:55 of 3rd period - Chuck Kobasew is hit by Marc Savard.
17:01 of 3rd period - Off-side.
17:02 of 3rd period - Andrew Ladd wins face-off versus Marcus Nilson in neutral zone.
17:56 of 3rd period - Wrist shot by Dustin Byfuglien.
17:56 of 3rd period - Shot Blocked by Blake Wheeler.
17:58 of 3rd period - Wrist shot by Maxim Talbot.
17:58 of 3rd period - Deflect By Jan Bulis.
17:58 of 3rd period - Shot Misses the Net.
17:58 of 3rd period - Puck is out of play.
17:59 of 3rd period - Chris Kelly wins face-off versus Bryan Little in Blue Jackets zone.
18:24 of 3rd period - Rostislav Olesz is hit by Marc Savard and loses puck.
18:43 of 3rd period - Snap shot by Pavel Bure.
18:43 of 3rd period - Shot Blocked by Ryan Smyth.
18:49 of 3rd period - Snap shot by Drew Doughty.
18:49 of 3rd period - Shot Blocked by François Beauchemin.
Goals for this period are 0 for Blue Jackets vs 2 for Avalanche.
Shots for this period are 18 for Blue Jackets vs 16 for Avalanche.
Output by the SimonT Hockey Simulator (STHS) for François Prévost -- Original Page W3C XHTML 1.0 Valid